 Dungeon Crawl Stone Soup version 0.22.0-18-ge075c0d (webtiles) character file.

1239 Amnesiac the Magician (level 8, -8/52 HPs)
             Began as a Mummy Air Elementalist on Aug 18, 2018.
             Was a Believer of Vehumet.
             Killed from afar by an orc wizard (10 damage)
             ... with a puff of flame
             ... on level 6 of the Dungeon.
             The game lasted 00:09:21 (5988 turns).

Amnesiac the Magician (Mummy Air Elementalist)      Turns: 5988, Time: 00:09:22

Health: -8/52      AC:  5    Str: 11    XL:     8   Next: 25%
Magic:  17/17      EV: 12    Int: 16    God:    Vehumet [**....]
Gold:   126        SH:  5    Dex: 13    Spells: 12/19 levels left

rFire    x . .     SeeInvis .   a - +8 hunting sling
rCold    + . .     Gourm    .   h - +0 buckler
rNeg     + + +     Faith    .   r - +1 robe of Complete Protection {rPois}
rPois    ∞         Spirit   .   c - +1 helmet
rElec    .         Reflect  .   k - -2 cloak (curse)
rCorr    .         Harm     .   p - +0 pair of gloves
MR       +....     Rnd*Tele +   (no boots)
Stlth    +.........             (no amulet)
HPRegen  0.17/turn              e - ring of teleportation (curse)
MPRegen  0.15/turn              f - ring of attention (curse)

@: no status effects
A: no food or potions, fire vulnerability, cold resistance 1, negative energy
resistance 3, torment resistance, unbreathing
a: Renounce Religion


You were on level 6 of the Dungeon.
You worshipped Vehumet.
Vehumet was pleased with you.
You were not hungry.

You visited 1 branch of the dungeon, and saw 6 of its levels.

You collected 392 gold pieces.
You spent 266 gold pieces at shops.

Inventory:

Hand Weapons
 a - a +8 hunting sling (weapon)
 b - a +0 long sword of electrocution
 w - a +0 blowgun
Missiles
 n - 182 stones (quivered)
Armour
 c - a +1 helmet (worn)
 h - a +0 buckler (worn)
 k - a cursed -2 cloak (worn)
 p - a +0 pair of gloves (worn)
 r - the +1 robe of Complete Protection (worn) {rPois}
   (You bought it in a shop on level 5 of the Dungeon)

   It protects you from poison.
Jewellery
 e - a cursed ring of teleportation (left hand)
 f - a cursed ring of attention (right hand)
Wands
 d - a wand of flame (31)
 l - a wand of random effects (24)
Scrolls
 g - 6 scrolls of identify {!r}
 i - 2 scrolls of teleportation {!r}
 j - a scroll of blinking {!r}
 o - a scroll of fog {!r}


   Skills:
 - Level 1.5 Dodging
 - Level 1.5 Stealth
 - Level 4.0 Shields
 + Level 6.3 Spellcasting
 - Level 0.7 Conjurations
 * Level 6.3 Air Magic


You had 12 spell levels left.
You knew the following spells:

 Your Spells              Type           Power        Failure   Level  Hunger
a - Shock                 Conj/Air       ###.         3%          1    N/A
d - Airstrike             Air            ####......   10%         4    N/A
z - Swiftness             Chrm/Air       ###.....     5%          2    N/A

Your spell library contained the following spells:

 Spells                   Type           Power        Failure   Level  Hunger
 Conjure Flame            Conj/Fire      #.......     34%         3    N/A
 Static Discharge         Conj/Air       ###.....     10%         3    N/A
 Lightning Bolt           Conj/Air       ###.......   65%         5    N/A

Dungeon Overview and Level Annotations

Branches:
Dungeon (6/15)
 Temple: D:4-7

Altars:
Cheibriados
Elyvilon
Hepliaklqana
Kikubaaqudgha
Makhleb
Qazlal
Sif Muna
Vehumet
Wu Jian
Yredelemnul
Zin
The Shining One

Shops:
D:5 [


Innate Abilities, Weirdness & Mutations

You do not eat or drink.
Your flesh is vulnerable to fire.
You are immune to poison.
Your flesh is cold resistant. (rC+)
You are immune to negative energy. (rN+++)
You are immune to unholy pain and torment.
You can survive without breathing.


Message History

Press: ? - help, Shift-Dir - straight line, f/p - orc
Aim: an orc, wielding a short sword and wearing a chain mail (moderately wounded)
You shoot a stone. The stone hits the orc!
You kill the orc!
Vehumet accepts your kill. Something hits you but does no damage.
You hear some strange, mumbled words.
Something tries to affect you, but you resist.
No target in view!
No target in view!
No target in view!
No target in view!
No target in view!
Firing (i - inventory)
n - 188 stones (quivered)
Press: ? - help, Shift-Dir - straight line You shoot a stone.
Something hits you!
You hear some strange, mumbled words.
A magic dart appears from out of thin air!
The magic dart hits you!
* * * LOW HITPOINT WARNING * * *
Firing (i - inventory)
n - 187 stones (quivered)
Press: ? - help, Shift-Dir - straight line You shoot a stone.
You hear some strange, mumbled words.
A puff of flame appears from out of thin air!
The puff of flame misses you. Something hits you but does no damage.
Firing (i - inventory)
n - 186 stones (quivered)
Press: ? - help, Shift-Dir - straight line You shoot a stone.
Something hits you but does no damage. x2
Firing (i - inventory)
n - 185 stones (quivered)
Press: ? - help, Shift-Dir - straight line You shoot a stone.
Something hits you but does no damage. x2
Firing (i - inventory)
n - 184 stones (quivered)
Press: ? - help, Shift-Dir - straight line You shoot a stone.
Something hits you but does no damage. x2
You block something's attack.
You hear some strange, mumbled words.
A magic dart appears from out of thin air!
The magic dart hits you!
* * * LOW HITPOINT WARNING * * *
Firing (i - inventory)
n - 183 stones (quivered)
Press: ? - help, Shift-Dir - straight line You shoot a stone.
Something hits you.
* * * LOW HITPOINT WARNING * * *
Something hits you.
* * * LOW HITPOINT WARNING * * *
You hear some strange, mumbled words.
A puff of flame appears from out of thin air!
The puff of flame hits you! The fire burns you terribly!
* * * LOW HITPOINT WARNING * * *
You hear some strange, mumbled words.
A puff of flame appears from out of thin air!
The puff of flame hits something.
You hear some strange, mumbled words.
You hear some strange, mumbled words.
A puff of flame appears from out of thin air!
The puff of flame hits you! The fire burns you terribly!
* * * LOW HITPOINT WARNING * * *
A magic dart appears from out of thin air!
The magic dart hits you!
* * * LOW HITPOINT WARNING * * *
A puff of flame appears from out of thin air!
The puff of flame hits you! The fire burns you terribly!
You die...

##..##...###..##
... ##.....##
##..## (.# ##...##
##..## #(.# #...#
##..### ...# #...#
##...##(..# #.....#
##..(()(..#
...###..#
##...(..?..# ....#
##.####...####....#
....# #..@..###
#...# ...# #######
#($... #.. ####.


There were no monsters in sight!

Vanquished Creatures
  Sigmund (D:2)
  Edmund (D:5)
  An orc warrior (D:6)
  A phantom (D:4)
  An ogre (D:6)
  2 bullfrogs (D:6)
  A scorpion (D:4)
  A howler monkey (D:5)
  A crimson imp (D:5)
  Crazy Yiuf (D:2)
  A bullfrog skeleton (D:6)
  An orc priest (D:4)
  A jelly (D:6)
  Ijyb (D:5)
  A worker ant (D:6)
  3 orc wizards
  7 gnolls
  3 adders (D:3)
  A white imp (D:5)
  A worm (D:3)
  A dart slug (D:1)
  3 leopard geckos
  18 orcs
  A ball python (D:2)
  9 bats
  7 giant cockroaches
  9 goblins
  7 hobgoblins
  6 jackals
  8 kobolds
  3 quokkas
  7 frilled lizards
  A goblin skeleton (D:5)
  A goblin zombie (D:5)
  A hobgoblin zombie (D:5)
  A kobold skeleton (D:5)
  2 kobold zombies (D:5)
  A leopard gecko skeleton (D:4)
  An orc skeleton (D:5)
  2 orc zombies (D:5)
  A quokka zombie (D:5)
  4 rats
125 creatures vanquished.

Notes
Turn   | Place    | Note
-------+----------+-------------------------------------------
     0 | D:1      | Amnesiac the Mummy Air Elementalist began the quest for the Orb.
     0 | D:1      | Reached XP level 1. HP: 13/13 MP: 4/4
   263 | D:3      | Reached XP level 2. HP: 10/19 MP: 0/5
   288 | D:3      | Learned a level 2 spell: Swiftness
   377 | D:5      | Entered Level 5 of the Dungeon
   545 | D:4      | Noticed a phantom
   692 | D:4      | Killed a phantom
   692 | D:4      | Reached XP level 3. HP: 7/24 MP: 0/8
   692 | D:4      | Reached XP level 4. HP: 8/30 MP: 0/9
   893 | D:4      | Found a burning altar of Makhleb.
   916 | D:4      | Learned a level 4 spell: Airstrike
  1198 | D:4      | Reached XP level 5. HP: 35/35 MP: 4/11
  1325 | D:4      | Found an ancient bone altar of Kikubaaqudgha.
  1663 | D:5      | Found a burning altar of Makhleb.
  1828 | D:5      | Found a glowing silver altar of Zin.
  1838 | D:5      | Found a stormy altar of Qazlal.
  1840 | D:5      | Found a snail-covered altar of Cheibriados.
  1840 | D:5      | Found a hazy altar of Hepliaklqana.
  1840 | D:5      | Found a deep blue altar of Sif Muna.
  1840 | D:5      | Found a radiant altar of Vehumet.
  1842 | D:5      | Found an ornate altar of the Wu Jian Council.
  1845 | D:5      | Found a basalt altar of Yredelemnul.
  1892 | D:5      | Became a worshipper of Vehumet
  1964 | D:3      | Reached XP level 6. HP: 41/41 MP: 9/13
  2744 | D:2      | Found a white marble altar of Elyvilon.
  2960 | D:2      | Noticed Sigmund
  2977 | D:2      | Killed Sigmund
  2977 | D:2      | Reached skill level 5 in Spellcasting
  2977 | D:2      | Reached skill level 5 in Air Magic
  2987 | D:2      | Found a runed door.
  3426 | D:2      | Noticed Crazy Yiuf
  3440 | D:2      | Killed Crazy Yiuf
  3844 | D:3      | Reached * piety under Vehumet
  3844 | D:3      | Offered knowledge of Flame Tongue by Vehumet.
  3950 | D:3      | Reached XP level 7. HP: 25/46 MP: 15/15
  4510 | D:3      | Reached ** piety under Vehumet
  4826 | D:5      | Offered knowledge of Throw Flame by Vehumet.
  4838 | D:5      | Noticed Edmund
  4866 | D:5      | Killed Edmund
  4867 | D:5      | Noticed Ijyb
  4886 | D:5      | Killed Ijyb
  5130 | D:5      | Found Ymyptan's Antique Armour Shoppe.
  5139 | D:5      | Bought an embroidered hat for 147 gold pieces
  5139 | D:5      | Bought a brightly glowing robe for 119 gold pieces
  5175 | D:5      | Identified the +1 robe of Complete Protection {rPois} (You bought it in a shop on level 5 of the Dungeon)
  5204 | D:5      | Found a glowing golden altar of the Shining One.
  5625 | D:6      | Reached skill level 1 in Shields
  5793 | D:6      | Reached XP level 8. HP: 36/52 MP: 1/17
  5954 | D:6      | Offered knowledge of Conjure Flame by Vehumet.
  5987 | D:6      | HP: 2/52 [something/magic dart (8)]
  5988 | D:6      | Killed from afar by an orc wizard

Skill      XL: |  1  2  3  4  5  6  7  8 |
---------------+-------------------------+-----
Spellcasting   | 3 4 5 6 |  6.3
Air Magic      | 3 4 5 6 |  6.3
Shields        | 3 4 |  4.0
Dodging        | |  1.5
Stealth        | |  1.5
Conjurations   | |  0.7

Action                   |  1- 3 |  4- 6 |  7- 9 || total
-------------------------+-------+-------+-------++-------
Melee: Dagger            |    16 |       |       ||    16
       Unarmed           |     2 |       |       ||     2
       Great sword       |       |     9 |       ||     9
 Fire: Hunting sling     |       |    39 |   210 ||   249
 Cast: Shock             |    31 |    89 |    24 ||   144
       Airstrike         |       |     2 |     1 ||     3
  Use: Scroll            |       |     9 |     4 ||    13
Armor: Robe              |    11 |    25 |    31 ||    67
Dodge: Dodged            |    25 |    60 |    74 ||   159
Block: Buckler           |       |       |     8 ||     8
       Rpst.: Great sword |       |     5 |       ||     5
